 Dungeon Crawl Stone Soup version 0.22-a0-247-gbddf880 (webtiles) character file.

2083 Amnesiac the Prestidigitator (level 9, -5/81 HPs)
             Began as a Deep Dwarf Artificer on Feb 25, 2018.
             Was an Initiate of Gozag.
             Slain by Prince Ribbit (6 damage)
             ... on level 6 of the Dungeon.
             The game lasted 00:17:24 (4669 turns).

Amnesiac the Prestidigitator (Deep Dwarf Artificer) Turns: 4669, Time: 00:17:25

Health: -5/81      AC:  3    Str: 19    XL:     9   Next: 6%
Magic:  14/14      EV: 14    Int: 12    God:    Gozag
Gold:   986        SH:  6    Dex: 13    Spells: 8/8 levels left

rFire    + + +     SeeInvis .   i - +1 short sword (elec)
rCold    + . .     Gourm    .   r - +1 buckler
rNeg     . . .     Faith    .   b - +0 leather armour
rPois    .         Spirit   .   (helmet restricted)
rElec    .         Reflect  .   l - scarf {rC+ rF+}
rCorr    +         Harm     .   (no gloves)
MR       +....                  (no boots)
Stlth    +++.......             (no amulet)
HPRegen  0.00/turn              h - ring of protection from fire
MPRegen  0.14/turn              v - ring of resist corrosion

@: non-regenerating
A: damage resistance, heal wounds, antennae 1, fire resistance 1, sense
surroundings 2, no regeneration
a: Heal Wounds, Potion Petition, Call Merchant, Bribe Branch, Renounce Religion


You were on level 6 of the Dungeon.
You worshipped Gozag.
Gozag was pleased with you.
You were not hungry.

You visited 2 branches of the dungeon, and saw 7 of its levels.
You also visited: Sewer.

You collected 1115 gold pieces.
You spent 43 gold pieces at shops.
You paid 86 gold pieces to Gozag.

Inventory:

Hand Weapons
 a - a +1 short sword
 i - a +1 short sword of electrocution (weapon)
 m - a +0 dagger of freezing
Missiles
 k - 249 stones (quivered)
 w - 9 poisoned needles
 y - 7 needles of confusion
Armour
 b - a +0 leather armour (worn)
 l - a scarf of resistance (worn)
 r - a +1 buckler (worn)
Jewellery
 h - a ring of protection from fire (left hand)
 v - a ring of resist corrosion (right hand)
 x - an uncursed ring of fire
Wands
 c - a wand of flame (43)
 d - a wand of enslavement (14)
 e - a wand of random effects (1)
 g - a wand of polymorph (30)
Scrolls
 n - 5 scrolls of teleportation {!r}
 p - 5 scrolls of fog {!r}
 q - a scroll of fear {!r}
 s - 2 scrolls of blinking {!r}
 t - a scroll of identify {!r}
 u - a scroll of amnesia {!r}
 z - 2 scrolls of summoning {!r, unknown}
Potions
 j - 3 potions of magic {!q}
 o - 4 potions of flight {!q}
Comestibles
 f - 4 rations


   Skills:
 - Level 5.1 Fighting
 - Level 2.0 Short Blades
 - Level 4.3 Armour
 - Level 4.6 Dodging
 - Level 6.0 Stealth
 - Level 4.0 Shields
 + Level 8.9 Evocations


You had 8 spell levels left.
You didn't know any spells.

Dungeon Overview and Level Annotations

Branches:
Dungeon (6/15)             Temple (1/1) D:4

Altars:
Ashenzari
Gozag
Xom

Shops:
D:4 *   D:6 [

Annotations:
D:6 Prince Ribbit


Innate Abilities, Weirdness & Mutations

You are resistant to damage.
You can heal yourself by infusing magical energy.
You passively map the area around you.
You do not regenerate.
You have a pair of small antennae on your head.
Your flesh is heat resistant. (rF+)


Message History

* * * LOW HITPOINT WARNING * * *
You are lethally poisoned!
You feel much better.
You feel sick. The bat hits you but does no damage. Karim's ghost hits you.
* * * LOW HITPOINT WARNING * * *
You are more poisoned.
You hit Karim's ghost but do no damage.
Lightning courses through Karim's ghost!
You destroy Karim's ghost!
The bat disappears in a puff of smoke!
The river rat disappears in a puff of smoke!
The rat disappears in a puff of smoke! x2
You feel your strength returning.
You feel your intelligence returning.
You feel your dexterity returning.
Your Evocations skill increases to level 8!
You have reached level 9!
Your experience leads to an increase in your attributes!
Increase (S)trength, (I)ntelligence, or (D)exterity?
You feel stronger.
Your mutations feel more permanent.
You feel very sick.
Okay, then.
You feel very sick.
You now have 954 gold pieces (gained 4).
You feel sick.
You feel very sick.
You feel sick.
You feel very sick.
You feel sick.
z - a potion of curing {!q} You feel sick.
Really quaff
z - a potion of curing {!q}?
You feel better.
You now have 960 gold pieces (gained 6).
z - 2 scrolls labeled COK REUSISUPH {!r} You now have 972 gold pieces (gained 12).
You now have 986 gold pieces (gained 14).
A bullfrog comes into view.
Found Ciuk's Antique Armour Shop.
A bullfrog is nearby!
The bullfrog croaks.
The bullfrog hits you.
* * * LOW HITPOINT WARNING * * *
You hit the bullfrog.
The bullfrog is lightly wounded.
The bullfrog closely misses you.
The bullfrog hits you but does no damage.
You hit the bullfrog.
The bullfrog is moderately wounded.
The bullfrog hits you.
Prince Ribbit comes into view.
You completely miss the bullfrog.
The bullfrog is moderately wounded.
The bullfrog misses you.
Prince Ribbit gives a loud, deep croak!
You hit Prince Ribbit.
Prince Ribbit is lightly wounded.
Prince Ribbit hits you!!
* * * LOW HITPOINT WARNING * * *
You closely miss Prince Ribbit.
Prince Ribbit is lightly wounded.
Prince Ribbit hits you!
You die...
Your body crumbles into a pile of gold.

* ###.# #.# , #.# ,
*, #.# * * #.#
###,, ,** * #.# #..
, , * * #.# #F# *
** , * #.# #F#
######.####@# , ,
**#...........#* ,
* , ,
........####.......
* *, *##.######
#.####.. ** # * *
#.# ** ,* , #.# , ,
, * * * #.# * * * *
* * #.# * , * * ,,,
, .., , ,


You could see Prince Ribbit and a bullfrog.

Vanquished Creatures
  Pikel (D:4)
  The ghost of Karim the Caller, a novice GnSu of Uskayaw (D:6)
  Sigmund (D:5)
  Duvessa (D:5)
  A phantom (D:4)
  A slave (D:4)
  A centaur (D:5)
  Blork the orc (D:5)
  2 bullfrogs (Sewer)
  A water moccasin zombie (D:5)
  Dowan (D:5)
  A water moccasin skeleton (D:6)
  2 crimson imps
  An orc priest (D:5)
  3 orc wizards
  2 bullfrog skeletons
  Ijyb (D:5)
  2 worker ants
  A hound zombie (D:4)
  3 gnolls (D:3)
  8 adders
  3 river rats (Sewer)
  6 oozes
  An adder skeleton (D:5)
  4 worms
  2 dart slugs
  3 leopard geckos
  16 orcs
  11 ball pythons
  3 giant cockroaches
  7 goblins
  5 hobgoblins
  11 jackals
  2 quokkas (D:2)
  7 bats
  7 frilled lizards
  8 kobolds
  A leopard gecko zombie (D:5)
  31 rats
164 creatures vanquished.

Vanquished Creatures (others)
  3 slaves (D:5)
3 creatures vanquished.

Grand Total: 167 creatures vanquished

Notes
Turn   | Place    | Note
-------+----------+-------------------------------------------
     0 | D:1      | Amnesiac the Deep Dwarf Artificer began the quest for the Orb.
     0 | D:1      | Reached XP level 1. HP: 16/16 MP: 3/3
     6 | D:1      | Noticed a swamp worm
     6 | D:1      | Noticed a komodo dragon
     6 | D:1      | Noticed a black bear
     6 | D:1      | Noticed a killer bee
     6 | D:1      | Noticed an eight-headed hydra
   217 | D:2      | Reached XP level 2. HP: 19/24 MP: 5/5
   326 | D:3      | Reached skill level 5 in Evocations
   327 | D:3      | Reached XP level 3. HP: 23/30 MP: 7/7
   341 | D:3      | Reached skill level 6 in Evocations
   591 | D:3      | Reached skill level 1 in Short Blades
   606 | D:3      | Reached XP level 4. HP: 37/37 MP: 8/8
   760 | D:4      | Reached XP level 5. HP: 37/43 MP: 9/9
   822 | D:4      | Found a staircase to the Ecumenical Temple.
   866 | Temple   | Entered the Ecumenical Temple
   879 | Temple   | Became a worshipper of Gozag Ym Sagoz the Greedy
   941 | D:4      | Found a glowing drain.
   945 | D:4      | Noticed a phantom
   976 | D:4      | Killed a phantom
   976 | D:4      | Reached skill level 5 in Stealth
   976 | D:4      | Reached XP level 6. HP: 13/50 MP: 10/10
  1003 | Sewer    | Entered a sewer
  1324 | Sewer    | Reached skill level 1 in Shields
  1602 | D:4      | Reached XP level 7. HP: 8/56 MP: 11/11
  1671 | D:4      | Reached skill level 1 in Fighting
  1854 | D:4      | Found Jyofyoff's Assorted Antiques.
  1859 | D:4      | Bought a scroll labeled KUTZOZXUDU for 23 gold pieces
  1859 | D:4      | Bought a viscous sapphire potion for 20 gold pieces
  1860 | D:4      | Gained mutation: You have a pair of small antennae on your head. [potion of mutation]
  1860 | D:4      | Gained mutation: Your flesh is heat resistant. (rF+) [potion of mutation]
  1860 | D:4      | Gained mutation: You passively map the area around you. [potion of mutation]
  3850 | D:5      | Entered Level 5 of the Dungeon
  3877 | D:5      | Noticed Duvessa
  3888 | D:5      | Reached skill level 1 in Armour
  3908 | D:5      | Noticed Pikel
  3919 | D:4      | HP: 1/62 [slave[Pikel] (5)]
  4007 | D:5      | Noticed Dowan
  4042 | D:4      | HP: 2/62 [Pikel/whip of flaming (6)]
  4052 | D:4      | Killed Pikel
  4052 | D:4      | Reached XP level 8. HP: 18/69 MP: 12/12
  4087 | D:5      | Killed Duvessa
  4103 | D:5      | Noticed Sigmund
  4158 | D:5      | Killed Dowan
  4300 | D:5      | Noticed Blork the orc
  4305 | D:5      | Noticed Ijyb
  4317 | D:5      | Killed Blork the orc
  4327 | D:5      | Killed Ijyb
  4350 | D:5      | Killed Sigmund
  4350 | D:5      | Reached skill level 5 in Fighting
  4554 | D:6      | Noticed Karim's ghost (novice GnSu)
  4558 | D:6      | Reached skill level 7 in Evocations
  4577 | D:6      | HP: 2/74 [poisoned by Karim's ghost]
  4592 | D:6      | Killed Karim's ghost
  4592 | D:6      | Reached skill level 8 in Evocations
  4592 | D:6      | Mutation became permanent: You passively map a small area around you. [Deep Dwarf growth]
  4592 | D:6      | Gained mutation: You passively map the area around you. [Deep Dwarf growth]
  4592 | D:6      | Reached XP level 9. HP: 34/81 MP: 12/14
  4663 | D:6      | Found Ciuk's Antique Armour Shop.
  4667 | D:6      | Noticed Prince Ribbit
  4668 | D:6      | HP: 1/81 [Prince Ribbit (16)]
  4669 | D:6      | Slain by Prince Ribbit

Vault maps used:
D:1:      onia_arrival_zoo_common, bh_walls_and_bars
D:2:      minmay_tromino_i2
D:3:      kennysheep_big_empty_room
D:4:      minmay_temple_entry_statues, serial_shops, kennysheep_little_box,
          cheibrodos_sewer_entry_sluice, chequers_ossuary_entry_cave,
          item_on_display_a
D:5:      first_ration, uniq_ijyb, uniq_pikel, uniq_blork_the_orc, uniq_sigmund,
          uniq_duvessa
D:6:      lemuel_crystal_altar, serial_shops, shop, st_stairs_1,
          uniq_prince_ribbit1
Temple:   regret_index_temple_waves
Sewer:    sewer_minmay_w

Skill      XL: |  1  2  3  4  5  6  7  8 |
---------------+-------------------------+-----
Evocations     | 5 6 8 |  8.9
Short Blades   | 1 2 |  2.0
Stealth        | 2 5 6 |  6.0
Shields        | 3 4 |  4.0
Fighting       | 3 5 |  5.1
Armour         | 4 |  4.3
Dodging        | 3 4 |  4.6

Action                   |  1- 3 |  4- 6 |  7- 9 || total
-------------------------+-------+-------+-------++-------
Melee: Short sword       |   113 |   210 |   265 ||   588
 Abil: Heal Wounds       |     1 |     1 |     6 ||     8
Evoke: Wand              |     5 |     9 |    11 ||    25
  Use: Scroll            |     4 |     7 |     3 ||    14
       Potion            |     2 |     4 |     9 ||    15
 Stab: Sleeping          |     1 |       |     7 ||     8
       Distracted        |       |     1 |       ||     1
  Eat: Ration            |       |     1 |     4 ||     5
Armor: Leather armour    |    49 |    42 |    46 ||   137
Dodge: Dodged            |   133 |   138 |   152 ||   423
Block: Buckler           |       |    17 |    75 ||    92

Table legend:
 A = Spawn XP
 B = Non-spawn XP
 C = Spawn XP percentage of total XP
 D = Spawn monster count
 E = Non-spawn monster count
 F = Spawn count percentage of total count
 G = Total turns spent on level
                    A         B        C        D         E        F      G
               +---------+---------+-------+---------+---------+-------+---------
         Total |       0 |    2977 |   0.0 |       0 |     163 |   0.0 |  4669
               +---------+---------+-------+---------+---------+-------+---------
           D:1 |       0 |      22 |   0.0 |       0 |      15 |   0.0 |   635
           D:2 |       0 |      64 |   0.0 |       0 |      20 |   0.0 |   915
           D:3 |       0 |     159 |   0.0 |       0 |      39 |   0.0 |   743
           D:4 |       0 |     776 |   0.0 |       0 |      18 |   0.0 |  1180
           D:5 |       0 |     970 |   0.0 |       0 |      20 |   0.0 |   556
           D:6 |       0 |     672 |   0.0 |       0 |       3 |   0.0 |   159
         Sewer |       0 |     314 |   0.0 |       0 |      48 |   0.0 |   454
               +---------+---------+-------+---------+---------+-------+---------
